 Dungeon Crawl Stone Soup version 0.24.0-123-gd5b16e6ec5 (webtiles) character file.

Game seed: 11696541752729702273, levelgen mode: deterministic

78297 FishyPogo the Thaumaturge (level 15, -8/117 HPs)
             Began as a Gnoll Skald on Dec 22, 2019.
             Was the Champion of Makhleb.
             Mangled by a tyrant leech (30 damage)
             ... on level 6 of the Lair of Beasts.
             The game lasted 01:45:50 (16174 turns).

FishyPogo the Thaumaturge (Gnoll Skald)            Turns: 16174, Time: 01:45:51

Health: -8/117     AC: 14    Str: 22    XL:     15   Next: 59%
Magic:  21/29      EV: 19    Int: 20    God:    Makhleb [******]
Gold:   923        SH: 13    Dex: 18    Spells: 10/35 levels left

rFire    . . .     SeeInvis .   a - +8 trident of Xiysur {freeze, Str+2 Int+4}
rCold    + . .     Gourm    .   I - +1 shield of Muxocol {rC+ rN+ rCorr}
rNeg     + . .     Faith    .   C - +3 leather armour {rPois}
rPois    +         Spirit   .   J - +1 hat
rElec    .         Reflect  .   c - +0 cloak
rCorr    +         Harm     .   r - +0 pair of gloves
MR       ++...                  N - +2 pair of boots {Stlth+}
Stlth    ++++++....             (no amulet)
HPRegen  0.29/turn              G - ring of protection from magic
MPRegen  0.21/turn              H - +2 ring of slaying

@: singing
A: distributed training, fangs 1, horns 1, thin skeletal structure 1, agile 1,
wild magic 1, strong nose
a: Minor Destruction, Lesser Servant of Makhleb, Major Destruction, Greater
Servant of Makhleb, Renounce Religion


You were on level 6 of the Lair of Beasts.
You worshipped Makhleb.
Makhleb was exalted by your worship.
You were not hungry.

You visited 2 branches of the dungeon, and saw 19 of its levels.

You collected 1165 gold pieces.
You spent 242 gold pieces at shops.

Inventory:

Hand Weapons
 a - the +8 trident of Xiysur (weapon) {freeze, Str+2 Int+4}
   (You found it on level 1 of the Lair of Beasts)

   It has been specially enchanted to freeze those struck by it, causing extra
   injury to most foes and up to half again as much damage against particularly
   susceptible opponents.
   It can also slow down cold-blooded creatures.
   It affects your strength (+2).
   It affects your intelligence (+4).
 b - a +0 scimitar of flaming
Missiles
 e - 57 poisoned darts
 f - 13 javelins
 y - 7 curare-tipped darts
 Q - 7 silver javelins
 R - 14 boomerangs (quivered)
Armour
 c - a +0 cloak (worn)
 r - a +0 pair of gloves (worn)
 t - the +0 plate armour of Muttered Phrases {rC+ Int+4}
   (You found it on level 7 of the Dungeon)

   It affects your intelligence (+4).
   It protects you from cold.
 C - a +3 leather armour of poison resistance (worn)
 I - the +1 shield of Muxocol (worn) {rC+ rN+ rCorr}
   (You found it on level 8 of the Dungeon)

   It protects you from cold.
   It protects you from negative energy.
   It provides partial protection from all sources of acid and corrosion.
 J - a +1 hat (worn)
 N - a +2 pair of boots of stealth (worn)
Jewellery
 o - an uncursed ring of protection from fire
 G - a ring of protection from magic (left hand)
 H - a +2 ring of slaying (right hand)
 M - a +2 ring of evasion
 S - an uncursed ring of protection from cold
 Z - an uncursed ring of positive energy
Wands
 s - a wand of digging (5)
 v - a wand of enslavement (10)
 D - a wand of paralysis (2)
 E - a wand of disintegration (14)
 K - a wand of flame (12)
 L - a wand of random effects (22)
 T - a wand of iceblast (10)
Scrolls
 g - 4 scrolls of teleportation
 h - 5 scrolls of enchant weapon
 k - 11 scrolls of remove curse
 l - 3 scrolls of magic mapping
 q - 5 scrolls of identify
 u - 3 scrolls of fear
 w - a scroll of acquirement {unknown}
 B - 4 scrolls of immolation {unknown}
 O - a scroll of fog {unknown}
 U - a scroll of holy word
Potions
 j - 5 potions of curing
 n - 2 potions of ambrosia
 p - 5 potions of might
 x - a potion of resistance
 z - 4 potions of haste
 A - 5 potions of flight
 P - 2 potions of heal wounds
 V - 2 potions of mutation
 W - 7 potions of agility
 Y - a potion of lignification
Miscellaneous
 m - a lamp of fire
Comestibles
 d - 28 rations
 i - 10 chunks of flesh


   Skills:
 + Level 10.5 Fighting
 + Level 10.5 Short Blades
 + Level 9.5 Long Blades
 + Level 9.5 Axes
 + Level 9.5 Maces & Flails
 + Level 9.5 Polearms
 + Level 9.5 Staves
 + Level 9.5 Slings
 + Level 9.5 Bows
 + Level 9.5 Crossbows
 + Level 9.5 Throwing
 + Level 9.9 Armour
 + Level 10.5 Dodging
 + Level 9.5 Stealth
 + Level 9.5 Shields
 + Level 9.5 Unarmed Combat
 + Level 10.7 Spellcasting
 + Level 8.0 Conjurations
 + Level 8.0 Hexes
 + Level 9.7 Charms
 + Level 8.0 Summonings
 + Level 8.0 Necromancy
 + Level 8.0 Translocations
 + Level 8.0 Transmutations
 + Level 8.0 Fire Magic
 + Level 8.0 Ice Magic
 + Level 8.0 Air Magic
 + Level 8.0 Earth Magic
 + Level 8.0 Poison Magic
 + Level 10.3 Invocations
 + Level 9.5 Evocations


You had 10 spell levels left.
You knew the following spells:

 Your Spells              Type           Power        Failure   Level  Hunger
a - Throw Frost           Conj/Ice       ######       1%          2    None
b - Bolt of Magma         Conj/Fire/Erth ######....   22%         5    ####...
c - Mephitic Cloud        Conj/Pois/Air  ######..     3%          3    None
h - Regeneration          Chrm/Necr      ######....   2%          3    None
i - Infusion              Chrm           ####         1%          1    None
k - Ignite Poison         Fire/Tmut/Pois ######..     3%          3    None
n - Spectral Weapon       Hex/Chrm       ######..     2%          3    None
p - Shroud of Golubria    Chrm/Tloc      ######       1%          2    None
u - Song of Slaying       Chrm           ######..     1%          2    None
y - Beastly Appendage     Tmut           ######       1%          1    None

Your spell library contained the following spells:

 Spells                   Type           Power        Failure   Level  Hunger
 Freeze                   Ice            ####         1%          1    None
 Magic Dart               Conj           ####         1%          1    None
 Sandblast                Erth           ######       1%          1    None
 Blink                    Tloc           N/A          1%          2    None
 Call Imp                 Summ           ######..     1%          2    None
 Passwall                 Tmut/Erth      ######..     1%          2    None
 Slow                     Hex            ######..     1%          2    None
 Sticks to Snakes         Tmut           ######..     1%          2    None
 Ozocubu's Armour         Chrm/Ice       ######..     2%          3    None
 Conjure Flame            Conj/Fire      ######..     3%          3    None
 Dazzling Spray           Conj/Hex       ######       3%          3    None
 Spider Form              Tmut/Pois      ######....   3%          3    None
 Stone Arrow              Conj/Erth      ######       3%          3    None
 Fulminant Prism          Conj/Hex       ######....   9%          4    ##.....
 Ice Form                 Ice/Tmut       ######..     9%          4    ##.....
 Petrify                  Tmut/Erth      ######..     9%          4    ##.....
 Summon Ice Beast         Ice/Summ       ######..     9%          4    ##.....
 Throw Icicle             Conj/Ice       ######..     9%          4    ##.....
 Iskenderun's Battlesphe  Conj/Chrm      ######..     16%         5    ####...
 Blade Hands              Tmut           ######....   22%         5    ####...
 Fireball                 Conj/Fire      ######....   22%         5    ####...
 Lee's Rapid Deconstruct  Erth           ######....   22%         5    ####...
 Venom Bolt               Conj/Pois      ######....   22%         5    ####...
 Bolt of Fire             Conj/Fire      ######....   71%         6    ######.
 Iron Shot                Conj/Erth      ######....   71%         6    ######.
 Ring of Flames           Chrm/Fire      ######....   98%         7    #######
 Orb of Destruction       Conj           ######....   99%         7    #######
 Spellforged Servitor     Conj/Summ      ######....   99%         7    #######
 Discord                  Hex            ######....   100%        8    #######
 Ignition                 Fire           ######....   100%        8    #######


Dungeon Overview and Level Annotations

Branches:
Dungeon (13/15)            Temple (0/1) D:6            Lair (6/6) D:8
 Shoals (0/4) Lair:4        Snake (0/4) Lair:3          Orc (0/2) D:12
  Slime: Lair:5-6    Vaults: D:13-14

Altars:
Ashenzari
Cheibriados
Elyvilon
Hepliaklqana
Kikubaaqudgha
Makhleb
Nemelex Xobeh
Qazlal
Ru
Uskayaw
Wu Jian
Xom
Yredelemnul
Zin

Shops:
D:4 *   D:6 *!(

Annotations:
D:11 3 runed translucent doors, sneaky's ghost, journeyman MiFi


Innate Abilities, Weirdness & Mutations

Your experience applies equally to all skills.
You have very sharp teeth.
Your uncanny sense of smell can sniff out nearby items.
You have a pair of small horns on your head.
You have a somewhat thin skeletal structure. (Dex +2, Stealth)
You are agile. (Dex +2)
Your spells are a little harder to cast, but a little more powerful.


Message History

You closely miss the tyrant leech. Your headbutt misses the tyrant leech.
The tyrant leech is heavily wounded.
The tyrant leech bites you!!
The tyrant leech draws strength from your injuries!
Your shroud falls apart!
Unknown command.
You puncture the tyrant leech! You freeze the tyrant leech.
You bite the tyrant leech.
The tyrant leech is heavily wounded.
You miss the tyrant leech. Your headbutt misses the tyrant leech.
The tyrant leech is heavily wounded.
The tyrant leech bites you!!
* * * LOW HITPOINT WARNING * * *
The tyrant leech draws strength from your injuries!
Unknown command.
You puncture the tyrant leech! You freeze the tyrant leech.
Your headbutt misses the tyrant leech. Your bite misses the tyrant leech.
The tyrant leech is heavily wounded.
The tyrant leech bites you!!
You die...

......≈.≈≈≈≈.#.≈≈≈≈≈≈≈≈≈
..÷†..≈..≈P≈≈#≈≈≈≈≈≈≈≈≈≈
.........≈≈≈###P≈≈≈≈P≈≈≈≈
......P...≈≈#P≈≈≈≈≈≈≈≈P≈≈
....†<.†.†÷≈#P≈;≈≈≈.≈≈≈≈≈
.........÷.###≈≈≈P≈≈≈≈≈≈.
.......P.≈.##≈≈≈≈≈≈P≈≈...
...........##≈≈≈w≈≈.≈≈P..
........####.≈.≈@P≈≈.....
...........####.≈.....PP.
.........................
.........................
.................†###....
.#.(#.........##..# #...
.###.##P..........## ...
## #####...........# . #
#........#....#


You could see a tyrant leech and an electric eel.

Vanquished Creatures
  Jorgrun (D:12)
  The ghost of Hairutzoic the Fighter, a journeyman MiBe of Trog (Lair:5)
  4 hydras
  2 centaur warriors (D:13)
  Erica (D:8)
  3 two-headed ogres
  3 death yaks (Lair:2)
  Urug (D:13)
  A flayed ghost (D:12)
  2 oklob plants (Lair:1)
  An ugly thing (D:13)
  2 manticores
  A moth of wrath (Lair:5)
  6 elephants (Lair:4)
  3 centaur zombies
  Maurice (D:9)
  19 spiny frogs
  Joseph (D:9)
  A black mamba (Lair:6)
  A gargoyle (D:13)
  A rime drake (Lair:4)
  A kobold demonologist (D:12)
  9 komodo dragons
  3 trolls
  2 hornets
  A polar bear (Lair:6)
  9 slime creatures (D:12)
  11 blink frogs
  A blink frog (shapeshifter) (D:13)
  5 hippogriffs
  A snapping turtle (Lair:4)
  3 shadows
  5 wraiths
  9 fire bats (D:12)
  4 wyverns
  Grum (Lair:1)
  16 yaks
  2 basilisks
  3 hungry ghosts
  5 vampire mosquitoes (Lair:6)
  6 water moccasins
  12 porcupines
  Duvessa (D:7)
  5 black bears
  5 orc warriors
  7 ice beasts
  2 sky beasts
  4 phantoms
  11 ogres
  10 wolves
  8 centaurs
  16 crocodiles
  4 big kobolds
  20 bullfrogs
  Dowan (D:7)
  8 scorpions
  3 killer bees
  5 electric eels
  2 howler monkeys
  9 wights
  3 crimson imps
  4 bullfrog zombies
  A quasit (D:5)
  6 orc priests
  A bullfrog skeleton (D:4)
  6 jellies
  13 orc wizards
  7 hounds
  6 centaur skeletons
  4 iguanas
  13 worker ants
  The ghost of nano the Changer, a weakling DrTm (D:4)
  2 hound zombies
  4 hound skeletons
  3 gnolls (D:5)
  15 adders
  5 shadow imps
  2 oozes (D:1)
  An adder zombie (D:6)
  2 adder skeletons (D:4)
  A worm (D:5)
  2 dart slugs
  3 leopard geckos
  58 orcs
  2 ball pythons
  A bat zombie (D:5)
  3 giant cockroaches
  2 goblins
  2 hobgoblins
  7 jackals
  10 kobolds
  8 quokkas
  35 bats
  6 frilled lizards
  6 rats
  3 rat zombies (D:5)
  2 fungi (Lair:2)
536 creatures vanquished.

Vanquished Creatures (others)
  32 fungi
  15 plants
  27 spectral weapons
74 creatures vanquished.

Grand Total: 610 creatures vanquished

Notes
Turn   | Place    | Note
-------+----------+-------------------------------------------
     0 | D:1      | FishyPogo the Gnoll Skald began the quest for the Orb.
     0 | D:1      | Reached XP level 1. HP: 20/20 MP: 6/6
    83 | D:1      | Reached XP level 2. HP: 25/26 MP: 7/7
   414 | D:2      | Reached skill level 5 in Spellcasting
   414 | D:2      | Reached XP level 3. HP: 31/31 MP: 7/9
   418 | D:2      | Learned a level 2 spell: Song of Slaying
   421 | D:2      | Learned a level 2 spell: Shroud of Golubria
   483 | D:2      | Reached skill level 1 in Invocations
   513 | D:2      | Learned a level 3 spell: Regeneration
   517 | D:2      | Learned a level 3 spell: Spectral Weapon
   697 | D:2      | Reached skill level 1 in Long Blades
   697 | D:2      | Reached skill level 1 in Axes
   697 | D:2      | Reached skill level 1 in Maces & Flails
   697 | D:2      | Reached skill level 1 in Polearms
   697 | D:2      | Reached skill level 1 in Staves
   697 | D:2      | Reached skill level 1 in Slings
   697 | D:2      | Reached skill level 1 in Bows
   697 | D:2      | Reached skill level 1 in Crossbows
   697 | D:2      | Reached skill level 1 in Throwing
   697 | D:2      | Reached skill level 1 in Stealth
   697 | D:2      | Reached skill level 1 in Shields
   697 | D:2      | Reached skill level 1 in Unarmed Combat
   697 | D:2      | Reached skill level 1 in Evocations
   829 | D:2      | Reached XP level 4. HP: 38/38 MP: 11/11
  1858 | D:3      | Found a shattered altar of Ashenzari.
  2094 | D:4      | Noticed a phantom
  2139 | D:4      | Reached skill level 1 in Conjurations
  2139 | D:4      | Reached skill level 1 in Hexes
  2139 | D:4      | Reached skill level 1 in Summonings
  2139 | D:4      | Reached skill level 1 in Necromancy
  2139 | D:4      | Reached skill level 1 in Translocations
  2139 | D:4      | Reached skill level 1 in Transmutations
  2139 | D:4      | Reached skill level 1 in Fire Magic
  2139 | D:4      | Reached skill level 1 in Ice Magic
  2139 | D:4      | Reached skill level 1 in Air Magic
  2139 | D:4      | Reached skill level 1 in Earth Magic
  2139 | D:4      | Reached skill level 1 in Poison Magic
  2139 | D:4      | Reached XP level 5. HP: 43/43 MP: 1/12
  2252 | D:4      | Noticed an ice beast
  2253 | D:4      | Found a burning altar of Makhleb.
  2261 | D:4      | Became a worshipper of Makhleb the Destroyer
  2307 | D:4      | Reached XP level 6. HP: 25/50 MP: 2/13
  2597 | D:4      | Killed an ice beast
  2597 | D:4      | Reached skill level 5 in Fighting
  2597 | D:4      | Reached skill level 5 in Short Blades
  2597 | D:4      | Reached skill level 5 in Dodging
  2639 | D:4      | Found a runed translucent door.
  2639 | D:4      | Noticed nano's ghost (weakling DrTm)
  2655 | D:4      | Found Qergh's Assorted Antiques.
  2744 | D:5      | Entered Level 5 of the Dungeon
  2994 | D:5      | Found a hazy altar of Hepliaklqana.
  2995 | D:5      | Found a shimmering altar of Xom.
  2996 | D:5      | Noticed a spectral ugly thing
  3034 | D:5      | Reached XP level 7. HP: 56/56 MP: 8/15
  3064 | D:5      | Reached * piety under Makhleb
  3157 | D:5      | Reached XP level 8. HP: 60/63 MP: 1/16
  3483 | D:4      | Got a faintly glowing quarterstaff
  3609 | D:4      | Killed nano's ghost
  3618 | D:4      | Identified the cursed +0 quarterstaff "Jigosano"
                  | {antimagic, rElec rF+ MR+ SInv} (You found it on level 4 of
                  | the Dungeon)
  3807 | D:5      | Found an ancient bone altar of Kikubaaqudgha.
  3967 | D:5      | Learned a level 1 spell: Beastly Appendage
  4015 | D:5      | Found a basalt altar of Yredelemnul.
  4113 | D:5      | Found a white marble altar of Elyvilon.
  4380 | D:6      | Found a staircase to the Ecumenical Temple.
  4437 | D:6      | Found Feejytal's Weapon Emporium.
  4475 | D:6      | Found Ojejaq Obou's Distillery.
  4573 | D:6      | Found Jolluj's General Store.
  4585 | D:6      | Bought a potion of degeneration for 12 gold pieces
  5193 | D:7      | Found a stormy altar of Qazlal.
  5202 | D:7      | Noticed Dowan
  5203 | D:7      | Noticed Duvessa
  5219 | D:7      | Killed Dowan
  5252 | D:7      | Gained mutation: Your spells are a little harder to cast,
                  | but a little more powerful. [potion of mutation]
  5252 | D:7      | Gained mutation: You have a somewhat thin skeletal
                  | structure. (Dex +2, Stealth) [potion of mutation]
  5252 | D:7      | Gained mutation: You have a pair of small horns on your
                  | head. [potion of mutation]
  5252 | D:7      | Gained mutation: You are agile. (Dex +2) [potion of
                  | mutation]
  5256 | D:7      | Killed Duvessa
  5257 | D:7      | Reached XP level 9. HP: 21/69 MP: 0/18
  5259 | D:7      | Reached ** piety under Makhleb
  5315 | D:7      | Got a dazzling plate armour
  5328 | D:7      | Identified the +0 plate armour of Muttered Phrases {rC+
                  | Int+4} (You found it on level 7 of the Dungeon)
  5968 | D:4      | Bought a pitted battleaxe for 230 gold pieces
  5969 | D:4      | Identified the +3 battleaxe of a bailey {antimagic, Stlth+}
                  | (You bought it in a shop on level 4 of the Dungeon)
  6019 | D:4      | Found a white marble altar of Elyvilon.
  6143 | D:8      | Reached skill level 5 in Armour
  6161 | D:8      | Reached skill level 5 in Invocations
  6313 | D:8      | Noticed Erica
  6331 | D:8      | Killed Erica
  6331 | D:8      | Reached XP level 10. HP: 66/77 MP: 1/20
  6443 | D:8      | Learned a level 3 spell: Ignite Poison
  6447 | D:8      | Learned a level 3 spell: Mephitic Cloud
  6459 | D:8      | Reached skill level 5 in Long Blades
  6459 | D:8      | Reached skill level 5 in Axes
  6459 | D:8      | Reached skill level 5 in Maces & Flails
  6459 | D:8      | Reached skill level 5 in Polearms
  6459 | D:8      | Reached skill level 5 in Staves
  6459 | D:8      | Reached skill level 5 in Slings
  6459 | D:8      | Reached skill level 5 in Bows
  6459 | D:8      | Reached skill level 5 in Crossbows
  6459 | D:8      | Reached skill level 5 in Throwing
  6459 | D:8      | Reached skill level 5 in Stealth
  6459 | D:8      | Reached skill level 5 in Shields
  6459 | D:8      | Reached skill level 5 in Unarmed Combat
  6459 | D:8      | Reached skill level 5 in Evocations
  6489 | D:8      | Reached *** piety under Makhleb
  6492 | D:8      | Got an encrusted shield
  6542 | D:8      | Found a staircase to the Lair.
  6553 | D:8      | Identified the +1 shield of Muxocol {rC+ rN+ rCorr} (You
                  | found it on level 8 of the Dungeon)
  7035 | D:9      | Found a sparkling altar of Nemelex Xobeh.
  7237 | D:9      | Noticed Maurice
  7241 | D:9      | Noticed a two-headed ogre
  7253 | D:9      | Killed a two-headed ogre
  7253 | D:9      | Paralysed by something for 6 turns
  7260 | D:9      | Reached **** piety under Makhleb
  7272 | D:9      | Paralysed by Maurice for 5 turns
  7280 | D:9      | Paralysed by Maurice for 7 turns
  7287 | D:9      | Killed Maurice
  7383 | D:9      | Noticed a two-headed ogre
  7391 | D:9      | Killed a two-headed ogre
  7391 | D:9      | Reached XP level 11. HP: 84/84 MP: 16/22
  7453 | D:9      | Paralysed by a wight for 7 turns
  7542 | D:9      | Found a snail-covered altar of Cheibriados.
  7542 | D:9      | Found an ornate altar of the Wu Jian Council.
  7543 | D:9      | Found a sacrificial altar of Ru.
  7550 | D:9      | Noticed Joseph
  7618 | D:9      | Killed Joseph
  7705 | D:9      | Reached skill level 5 in Conjurations
  7705 | D:9      | Reached skill level 5 in Hexes
  7705 | D:9      | Reached skill level 5 in Summonings
  7705 | D:9      | Reached skill level 5 in Necromancy
  7705 | D:9      | Reached skill level 5 in Translocations
  7705 | D:9      | Reached skill level 5 in Transmutations
  7705 | D:9      | Reached skill level 5 in Fire Magic
  7705 | D:9      | Reached skill level 5 in Ice Magic
  7705 | D:9      | Reached skill level 5 in Air Magic
  7705 | D:9      | Reached skill level 5 in Earth Magic
  7705 | D:9      | Reached skill level 5 in Poison Magic
  7904 | D:9      | Identified the +1 robe "Afenamio" {Int+5 Slay+3}
  8051 | D:10     | Entered Level 10 of the Dungeon
  8130 | D:10     | Noticed a two-headed ogre
  8175 | D:10     | Reached ***** piety under Makhleb
  8637 | D:10     | You fall into a shaft and drop 1 floor!
  8701 | D:10     | Killed a two-headed ogre
  8741 | D:10     | Found a hazy altar of Hepliaklqana.
  9061 | D:11     | Found a runed translucent gate.
  9061 | D:11     | Found a runed translucent gate.
  9062 | D:11     | Found a runed translucent gate.
  9063 | D:11     | Noticed sneaky's ghost (journeyman MiFi)
  9320 | D:11     | Reached XP level 12. HP: 93/93 MP: 19/24
  9729 | D:12     | Found a staircase to the Orcish Mines.
 10207 | D:12     | Found a runed translucent door.
 10226 | D:12     | Found a hide-covered altar of Uskayaw.
 10247 | D:12     | Found a hazy altar of Hepliaklqana.
 10325 | D:12     | Found a burning altar of Makhleb.
 10360 | D:12     | Found a white marble altar of Elyvilon.
 10430 | D:12     | Found a glowing silver altar of Zin.
 10432 | D:12     | Reached ****** piety under Makhleb
 10452 | D:12     | Found a stormy altar of Qazlal.
 10573 | D:12     | Noticed Jorgrun
 10594 | D:12     | Killed Jorgrun
 10735 | D:12     | Identified Onlap's Disquisition on Self-Improvement and
                  | Execration
 10848 | D:12     | Reached XP level 13. HP: 101/101 MP: 20/26
 11101 | D:13     | Noticed Urug
 11128 | D:13     | Killed Urug
 11331 | Lair:1   | Entered Level 1 of the Lair of Beasts
 11369 | Lair:1   | Learned a level 2 spell: Throw Frost
 11638 | Lair:1   | Noticed Grum
 11655 | Lair:1   | Killed Grum
 11730 | Lair:1   | Got an iridescent trident
 11731 | Lair:1   | Identified the +8 trident of Xiysur {freeze, Str+2 Int+4}
                  | (You found it on level 1 of the Lair of Beasts)
 12097 | Lair:1   | Learned a level 5 spell: Bolt of Magma
 12276 | Lair:2   | Found a shimmering altar of Xom.
 13200 | Lair:3   | Found a staircase to the Snake Pit.
 13410 | Lair:3   | Reached skill level 10 in Spellcasting
 13717 | Lair:3   | Reached XP level 14. HP: 109/109 MP: 23/28
 14310 | Lair:4   | Reached skill level 10 in Fighting
 14310 | Lair:4   | Reached skill level 10 in Short Blades
 14310 | Lair:4   | Reached skill level 10 in Dodging
 14355 | Lair:4   | Found a staircase to the Shoals.
 15230 | Lair:5   | Found a transporter.
 15239 | Lair:5   | Noticed Hairutzoic's ghost (journeyman MiBe)
 15503 | Lair:5   | Found a transporter.
 15511 | Lair:5   | Reached skill level 10 in Invocations
 15511 | Lair:5   | Reached XP level 15. HP: 115/115 MP: 29/29
 15562 | Lair:5   | Killed Hairutzoic's ghost
 15568 | Lair:5   | Got a pair of slimy gloves
 15579 | Lair:5   | Identified the -6 pair of gloves "Ucuer" {SInv} (You found
                  | it on level 5 of the Lair of Beasts)
 15892 | Lair:6   | Entered Level 6 of the Lair of Beasts
 16174 | Lair:6   | Mangled by a tyrant leech

Levels and vault maps discovered:
D:1:      onia_arrival_handbag, layout_rooms, minmay_tiny_reverse_x
D:2:      layout_loops_ring, first_ration
D:3:      layout_basic, lemuel_crystal_altar, chequers_big_river
D:4:      lemuel_upstairs_altar, layout_rooms, kennysheep_mini_moat,
          gammafunk_ghost_grave, serial_shops, shop, kennysheep_boxes
D:5:      layout_gridville, kennysheep_ying_yang,
          regret_index_temple_of_mockery, lemuel_zombie_altar_kikubaaqudgha,
          minmay_diced_spiral
D:6:      layout_gridville, minmay_temple_entry_waves, serial_shops,
          nicolae_shop_window_shopping, nicolae_shop_behind_doors,
          nicolae_shop_window_shopping
D:7:      layout_rooms, grunt_qazlal_clouds, uniq_duvessa
D:8:      layout_cave_pods, due_lair_maze_entry_diamond, uniq_erica
D:9:      minmay_opposing_rooms, layout_cave_pools,
          gammafunk_temple_overflow_forgotten,
          nemelex_xobeh_ov_fountains_minmay, grunt_pizzeria,
          lightli_fourway_metalbox, uniq_joseph, uniq_maurice
D:10:     layout_loops_ring, minmay_misc_feat_pillars, serial_bayou_ford_a,
          lemuel_statue_altar
D:11:     layout_irregular_city, gammafunk_ghost_split
D:12:     due_megacathedral, layout_long_grid, orc_0_dummy, uniq_jorgrun
D:13:     layout_cave_pools, enter_trove_3, uniq_urug, uniq_erolcha
Lair:1:   dpeg_oklob_gauntlet, layout_gridlike, beast_lair_carwin_5,
          lemuel_fruit_tree, grunt_megastairs_2, uniq_grum
Lair:2:   layout_cave_pods, basic_altar
Lair:3:   layout_regular_city, dummy_snake_entry, beast_lair_carwin_10
Lair:4:   layout_hall_layers, minmay_shoals_entry_hut, beast_lair_carwin_11
Lair:5:   wander_river, layout_big_grid, gammafunk_ghost_berserking_beasts
Lair:6:   minmay_lair_end_frog_pond, layout_regular_city, slime_altar_2,
          serial_bayou_shore_a

Skill      XL: |  1  2  3  4  5  6  7  8  9 10 11 12 13 14 15 |
---------------+----------------------------------------------+-----
Spellcasting   | 5 6 7 8 9 10 | 10.7
Invocations    | 1 2 3 4 5 6 7 8 9 10 | 10.3
Long Blades    | 1 2 3 4 5 6 7 8 9 |  9.5
Axes           | 1 2 3 4 5 6 7 8 9 |  9.5
Maces & Flails | 1 2 3 4 5 6 7 8 9 |  9.5
Polearms       | 1 2 3 4 5 6 7 8 9 |  9.5
Staves         | 1 2 3 4 5 6 7 8 9 |  9.5
Slings         | 1 2 3 4 5 6 7 8 9 |  9.5
Bows           | 1 2 3 4 5 6 7 8 9 |  9.5
Crossbows      | 1 2 3 4 5 6 7 8 9 |  9.5
Throwing       | 1 2 3 4 5 6 7 8 9 |  9.5
Stealth        | 1 2 3 4 5 6 7 8 9 |  9.5
Shields        | 1 2 3 4 5 6 7 8 9 |  9.5
Unarmed Combat | 1 2 3 4 5 6 7 8 9 |  9.5
Evocations     | 1 2 3 4 5 6 7 8 9 |  9.5
Conjurations   | 1 2 3 4 5 6 7 8 |  8.0
Hexes          | 1 2 3 4 5 6 7 8 |  8.0
Summonings     | 1 2 3 4 5 6 7 8 |  8.0
Necromancy     | 1 2 3 4 5 6 7 8 |  8.0
Translocations | 1 2 3 4 5 6 7 8 |  8.0
Transmutations | 1 2 3 4 5 6 7 8 |  8.0
Fire Magic     | 1 2 3 4 5 6 7 8 |  8.0
Ice Magic      | 1 2 3 4 5 6 7 8 |  8.0
Air Magic      | 1 2 3 4 5 6 7 8 |  8.0
Earth Magic    | 1 2 3 4 5 6 7 8 |  8.0
Poison Magic   | 1 2 3 4 5 6 7 8 |  8.0
Armour         | 3 4 5 6 7 8 9 |  9.9
Fighting       | 5 6 7 8 9 10 | 10.5
Short Blades   | 5 6 7 8 9 10 | 10.5
Dodging        | 5 6 7 8 9 10 | 10.5
Charms         | 6 7 8 9 |  9.7

Action                   |  1- 3 |  4- 6 |  7- 9 | 10-12 | 13-15 || total
-------------------------+-------+-------+-------+-------+-------++-------
Melee: Short sword       |    96 |    72 |       |       |       ||   168
       Bite              |    10 |    14 |    27 |    86 |    71 ||   208
       Hand axe          |       |   122 |    82 |       |       ||   204
       Punch             |       |     2 |     1 |       |       ||     3
       Quarterstaff      |       |       |   154 |       |       ||   154
       Headbutt          |       |       |    14 |   140 |    93 ||   247
       Battleaxe         |       |       |    32 |    12 |       ||    44
       Scimitar          |       |       |       |   456 |   112 ||   568
       Kick              |       |       |       |     3 |       ||     3
       Trident           |       |       |       |       |   301 ||   301
Throw: Stone             |       |     9 |     8 |    32 |     7 ||    56
       Javelin           |       |     1 |     2 |     6 |       ||     9
       Dart              |       |    10 |     4 |    17 |       ||    31
       Boomerang         |       |       |       |       |    20 ||    20
 Cast: Infusion          |     1 |     2 |       |     2 |     3 ||     8
       Shroud of Golubri |     1 |    12 |    24 |    36 |    43 ||   116
       Regeneration      |     1 |     7 |     9 |    14 |    17 ||    48
       Song of Slaying   |       |     3 |     1 |    10 |    14 ||    28
       Spectral Weapon   |       |     2 |    18 |    46 |    57 ||   123
       Mephitic Cloud    |       |       |       |     3 |       ||     3
       Beastly Appendage |       |       |       |     1 |       ||     1
       Ignite Poison     |       |       |       |     1 |       ||     1
       Bolt of Magma     |       |       |       |       |     8 ||     8
       Throw Frost       |       |       |       |       |     3 ||     3
Invok: Minor Destruction |       |       |     2 |    34 |       ||    36
       Lesser Servant of |       |       |       |       |     3 ||     3
Evoke: Wand              |       |       |       |     2 |       ||     2
  Use: Potion            |       |     6 |     3 |       |     5 ||    14
       Scroll            |       |     7 |     3 |     6 |    10 ||    26
 Stab: Sleeping          |     1 |       |     5 |    17 |    21 ||    44
       Distracted        |       |       |     1 |     2 |     1 ||     4
       Confused          |       |       |       |     1 |       ||     1
  Eat: Chunk             |       |     9 |    13 |    17 |    21 ||    60
Armor: Leather armour    |    17 |    17 |    20 |    93 |    48 ||   195
       Skin              |       |     3 |       |       |     1 ||     4
       Ring mail         |       |    63 |    57 |       |       ||   120
Dodge: Dodged            |    64 |   196 |   212 |   254 |   187 ||   913
Block: Shield            |       |       |       |   237 |   189 ||   426
       Rpst.: Scimitar   |       |       |       |    70 |    15 ||    85
